 Dungeon Crawl Stone Soup version 0.28.0-62-gf88900778d (webtiles) character file.

Game seed: 4910466663563573672

3059 cbfl8 the Cleaver (level 9, -6/79 HPs)
             Began as a Hill Orc Berserker on July 21, 2023.
             Was an Elder of Trog.
             Killed from afar by Maurice (29 damage)
             ... with a bolt of acid
             ... on level 8 of the Dungeon.
             The game lasted 00:08:38 (9377 turns).

cbfl8 the Cleaver (Hill Orc Berserker)              Turns: 9377, Time: 00:08:39

Health: -6/79      AC: 15    Str: 20    XL:     9   Next: 87%
Magic:  18/18      EV:  6    Int:  7    God:    Trog [****..]
Gold:   308        SH:  7    Dex: 14    Spells: 8/8 levels left

rFire   . . .      SeeInvis .   a - +0 hand axe
rCold   + . .      Faith    +   i - +2 buckler of Ulaloj {rPois rC+ MP+9}
rNeg    . . .      Spirit   .   o - +0 plate armour
rPois   +          Reflect  .   (no helmet)
rElec   .          Harm     .   (no cloak)
rCorr   .          Rampage  .   (no gloves)
Will    ++...                   k - +1 pair of boots
Stlth   ..........              l - amulet of faith
HPRegen 1.23/turn               (no ring)
MPRegen 0.16/turn               (no ring)

@: strong-willed, on berserk cooldown, regenerating, slowed, very slow
A: no striking features
a: Renounce Religion, Berserk, Trog's Hand, Brothers in Arms


You were on level 8 of the Dungeon.
You worshipped Trog.
Trog was greatly pleased with you.
You visited 1 branch of the dungeon, and saw 8 of its levels.
You also visited: Sewer.

You collected 308 gold pieces.

Inventory:

Hand Weapons
 a - a +0 hand axe (weapon)
Armour
 i - the +2 buckler of Ulaloj (worn) {rPois rC+ MP+9}
   (You acquired it on level 4 of the Dungeon)

   rC:        It protects you from cold.
   rPois:     It protects you from poison.
   MP:        It affects your magic capacity (+9).
 k - a +1 pair of boots (worn)
 o - a +0 plate armour (worn)
Jewellery
 l - an amulet of faith (around neck)
Wands
 d - a wand of iceblast (6) (quivered)
 n - a wand of flame (51)
 y - a wand of digging (3)
Scrolls
 b - a scroll of enchant weapon
 e - 3 scrolls of teleportation
 f - 5 scrolls of blinking
 j - a scroll of enchant armour {unknown}
 m - a scroll of silence
 s - a scroll of vulnerability {unknown}
 t - a scroll of noise {unknown}
 w - a scroll of fog {unknown}
Potions
 g - a potion of cancellation
 h - a potion of might
 p - a potion of lignification
 q - a potion of heal wounds {unknown}
 r - 2 potions of curing
 x - a potion of haste {unknown}


   Skills:
 + Level 7.0 Fighting
 + Level 10.9 Axes
 + Level 6.7 Armour
 - Level 1.5 Dodging
 + Level 0.8 Stealth
 * Level 5.0 Shields
 * Level 5.8 Evocations


You had 8 spell levels left.
You didn't know any spells.
Your spell library was empty.

Dungeon Overview and Level Annotations

Branches:
Dungeon (8/15)             Temple (0/1) D:5           Sewer (visited)
   Lair: D:8-11

Altars:
Fedhas

Shops:
D:6 :

Annotations:
D:8 Maurice


Message History

Your centaur shoots an arrow.
The arrow hits the gnoll shaman!
There is an open door, spattered with blood here.
Things that are here:
a +0 flail; a throwing net; a gnoll corpse Your centaur shoots an arrow.
The arrow hits the gnoll shaman!
The gnoll shaman dies!
Trog accepts your kill.
You swap places.
You hear a zap.
A bolt of acid appears from out of thin air!
The bolt of acid misses your kobold. The bolt of acid hits you!!
* * * LOW HITPOINT WARNING * * *
Aiming: Iceblast
Press: ? - help, Q - select action, (/) - cycle Shift-Dir - straight line
Okay, then.
You swap places.
Your kobold barely misses something.
Something barely misses your kobold brigand.
Your kobold barely misses something.
Found a wand of iceblast (8).
Something closely misses your kobold brigand.
Your skin crawls.
You feel strong-willed. Something hits your kobold!
Your kobold dies!
Your kobold's corpse dissolves into shadows!
Your kobold dissolves into shadows!
You hear a zap.
A bolt of acid appears from out of thin air!
The bolt of acid hits your kobold brigand!!!
The acid corrodes your kobold brigand!
Your kobold brigand dies!
Your kobold brigand's corpse dissolves into shadows!
The bolt of acid hits your acid dragon! The bolt of acid misses you.
You hear a zap.
A bolt of acid appears from out of thin air!
The bolt of acid hits your acid dragon!!
Your acid dragon dies!
Your acid dragon's corpse dissolves into shadows!
The bolt of acid hits you!!
You die...

##.####.##.##.####.##..##..#.
.........#.........))))......
...^.....#..........#).......
)....[...#......K...#........
.........#...{##...##......##
.........#....#######.{....#
.........#..........#........
...##...##..........#........
...# ...##.....c@...+........
...# ..##....#######......##
...# #....# ..../.. .##.....
#.... #..


You could see a friendly centaur (summoned).

Vanquished Creatures
  The ghost of cbfl8 the Chopper, a novice MiBe of Trog (D:5)
  A yak (D:4)
  Menkaure (D:7)
  4 sky beasts
  Pargi (Sewer)
  An ice beast (D:5)
  2 orc warriors
  An ogre (D:5)
  2 centaurs
  A phantom (D:6)
  2 kobold brigands
  A wyvern zombie (D:5)
  A bullfrog (D:7)
  A scorpion (D:4)
  A water moccasin skeleton (D:6)
  A howler monkey (D:6)
  A centaur zombie (D:6)
  5 hounds
  4 jellies
  A gnoll shaman (D:8)
  2 orc priests
  A centaur skeleton (D:6)
  Ijyb (D:4)
  3 iguanas
  4 orc wizards
  2 killer bee zombies (D:8)
  11 adders
  11 gnolls
  A howler monkey zombie (D:6)
  A shadow imp (D:7)
  An adder skeleton (D:4)
  2 worms (D:4)
  4 dart slugs
  10 orcs
  11 ball pythons
  6 bats
  13 endoplasms
  5 giant cockroaches
  5 goblins
  2 hobgoblins
  2 quokkas
  3 frilled lizards
  12 kobolds
  5 rats
151 creatures vanquished.

Vanquished Creatures (collateral kills)
  A gnoll shaman (D:8)
1 creature vanquished.

Grand Total: 152 creatures vanquished

Notes
Turn   | Place    | Note
-------+----------+-------------------------------------------
     0 | D:1      | cbfl8 the Hill Orc Berserker began the quest for the Orb.
     0 | D:1      | Reached XP level 1. HP: 19/19 MP: 1/1
    25 | D:1      | Reached XP level 2. HP: 24/27 MP: 2/2
   470 | D:1      | Reached XP level 3. HP: 30/33 MP: 3/3
  1378 | D:2      | Reached skill level 1 in Evocations
  1424 | D:2      | Reached skill level 5 in Axes
  1484 | D:2      | Found a faded altar of an unknown god.
  1560 | D:2      | Reached XP level 4. HP: 41/41 MP: 4/4
  1790 | D:2      | Reached ** piety under Trog
  3005 | D:4      | Reached XP level 5. HP: 46/47 MP: 5/5
  3075 | D:4      | HP: 2/47 [poisoned by a scorpion]
  3635 | D:4      | Reached skill level 6 in Axes
  3672 | D:4      | Noticed a yak
  3680 | D:4      | Reached skill level 5 in Fighting
  3686 | D:4      | Reached XP level 6. HP: 56/56 MP: 6/6
  3692 | D:4      | Killed a yak
  4698 | D:4      | Noticed Ijyb
  4710 | D:4      | Paralysed by Ijyb for 6 turns
  4739 | D:4      | Killed Ijyb
  4740 | D:4      | Reached XP level 7. HP: 56/61 MP: 7/7
  4845 | D:4      | Identified a scroll of acquirement
  4849 | D:4      | Acquired the +2 buckler of Ulaloj {rPois rC+ MP+9}
  4871 | D:5      | Entered Level 5 of the Dungeon
  4947 | D:5      | Reached skill level 7 in Axes
  5058 | D:5      | Reached skill level 1 in Shields
  5164 | D:5      | Found a runed translucent gate.
  5164 | D:5      | Found a runed translucent gate.
  5164 | D:5      | Noticed cbfl8's ghost (novice MiBe)
  5165 | D:5      | Found a runed translucent gate.
  5322 | D:5      | Found a staircase to the Ecumenical Temple.
  5778 | D:5      | Reached XP level 8. HP: 70/70 MP: 8/8
  5912 | D:5      | Reached skill level 8 in Axes
  6097 | D:5      | Reached skill level 5 in Armour
  6123 | D:5      | Killed cbfl8's ghost
  6303 | D:6      | Reached skill level 9 in Axes
  6316 | D:6      | Reached *** piety under Trog
  6317 | D:6      | Reached XP level 9. HP: 38/75 MP: 9/9
  6396 | D:6      | Found a glowing drain.
  6401 | Sewer    | Entered a sewer
  6507 | Sewer    | Noticed Pargi
  6526 | Sewer    | Killed Pargi
  6527 | Sewer    | Reached skill level 10 in Axes
  6789 | D:6      | Found Hutikk's Book Shoppe.
  7281 | D:6      | Reached skill level 5 in Evocations
  7726 | D:7      | Found a blossoming altar of Fedhas.
  8341 | D:7      | Noticed Menkaure
  8350 | D:7      | Killed Menkaure
  8350 | D:7      | Reached **** piety under Trog
  9345 | D:8      | Noticed Maurice
  9352 | D:8      | Reached skill level 5 in Shields
  9377 | D:8      | Killed from afar by Maurice

Illustrated notes

Levels and vault maps discovered:
D:1:      lightli_arrival_isolated_outpost, layout_loops_ring
D:2:      layout_basic, serial_glass, glass_columns_a, glass_columns_a,
          glass_columns_a, dreamdust_ecumenical_altar_angels_and_demons,
          grunt_ministairs_5
D:3:      layout_rooms, solitary_fountain
D:4:      layout_loops_ring, kennysheep_minor_cross, minmay_fractal_squares_5,
          uniq_ijyb
D:5:      layout_loops_ring, temple_statues, gammafunk_ghost_nasty_kobolds
D:6:      layout_cave_pools, serial_shops, shop, gup_sewer_entry_bowl
D:7:      layout_loops_cross, nicolae_overflow_hidden_temple, uniq_menkaure
D:8:      layout_gridville, nicolae_overflow_hallway_of_the_gods, uniq_psyche,
          uniq_grum, uniq_maurice

Skill      XL: |  1  2  3  4  5  6  7  8  9 |
---------------+----------------------------+-----
Fighting       | 4 5 6 7 |  7.0
Evocations     | 1 2 3 4 5 |  5.8
Axes           | 5 6 7 9 10 | 10.9
Armour         | 3 4 5 6 |  6.7
Shields        | 1 3 5 |  5.0
Dodging        | |  1.5
Stealth        | |  0.8

Action                   |  1- 3 |  4- 6 |  7- 9 || total
-------------------------+-------+-------+-------++-------
Melee: Hand axe          |   101 |   190 |   490 ||   781
       Punch             |       |     3 |       ||     3
Invok: Berserk           |     1 |     4 |     6 ||    11
       Trog's Hand       |       |       |     2 ||     2
  Use: Scroll            |     2 |     1 |    11 ||    14
       Potion            |       |     3 |       ||     3
Armor: Animal skin       |    13 |       |       ||    13
       Chain mail        |    39 |    98 |   176 ||   313
       Plate armour      |       |       |    78 ||    78
Dodge: Dodged            |    55 |    49 |   128 ||   232
Block: Buckler           |       |       |   144 ||   144
